 Dungeon Crawl Stone Soup version 0.20.1-1-g8b1a95d (webtiles) character file.

30 McKennaii the Insei (level 3, 0/23 HPs)
             Began as an Octopode Transmuter on Aug 10, 2017.
             Slain by a gnoll
             ... wielding a +0 spear
              (6 damage)
             ... on level 1 of the Dungeon.
             The game lasted 00:01:11 (987 turns).

McKennaii the Insei (Octopode Transmuter)            Turns: 987, Time: 00:01:12

Health: 0/23       AC:  1    Str:  9    XL:     3   Next: 20%
Magic:  6/6        EV: 13    Int: 16    God:
Gold:   54         SH:  0    Dex: 12    Spells: 0/6 levels left

rFire    . . .     SeeInvis .     - Unarmed
rCold    . . .     Gourm    .   (no shield)
rNeg     . . .     Faith    .   (helmet restricted)
rPois    .         Spirit   .   (no amulet)
rElec    .         Reflect  .   (no ring)
rCorr    .         Harm     .   (no ring)
MR       .....                  (no ring)
Stlth    +++.......             (no ring)
Regen    0.1/turn               (no ring)
MPRegen  0.1/turn               (no ring)
                                (no ring)
                                (no ring)

@: no status effects
A: almost no armour, stealthy swim, amphibious, 8 rings, constrict 8, camouflage
1, gelatinous body 1
a: no special abilities


You were on level 1 of the Dungeon.
You were not hungry.

You visited 1 branch of the dungeon, and saw 2 of its levels.

You collected 54 gold pieces.

Inventory:

Missiles
 a - 12 arrows
Scrolls
 d - 4 scrolls of identify {unknown}
 h - a scroll of recharging {unknown}
 i - a scroll of enchant armour {unknown}
Potions
 e - a potion of haste {unknown}
 g - a potion of berserk rage {unknown}
 j - a potion of curing {unknown}
Books
 b - a book of Changes

   Spells                             Type                      Level
   a - Beastly Appendage              Transmutation                1
   b - Sticks to Snakes               Transmutation                2
   c - Spider Form                    Transmutation/Poison         3
   d - Ice Form                       Ice/Transmutation            4
   e - Blade Hands                    Transmutation                5
Comestibles
 c - 3 bread rations
 f - a royal jelly


   Skills:
 + Level 1.0 Fighting
 + Level 2.1 Dodging
 * Level 1.1 Stealth
 + Level 3.8 Unarmed Combat
 + Level 2.1 Spellcasting
 * Level 2.1 Transmutations


You couldn't memorise any spells.
You knew the following spells:

 Your Spells              Type           Power        Failure   Level  Hunger
a - Beastly Appendage     Tmut           #.....       9%          1    #......
b - Sticks to Snakes      Tmut           #.......     13%         2    ###....
c - Spider Form           Tmut/Pois      #.........   36%         3    ###....


Dungeon Overview and Level Annotations

Branches:
Dungeon (2/15)

Altars:


Innate Abilities, Weirdness & Mutations

You cannot wear most types of armour.
You are very stealthy in the water. (Stealth+)
You are amphibious.
You can wear up to eight rings at the same time.
You can use your tentacles to constrict eight enemies at once.
Your skin changes colour to match your surroundings (Stealth+).
Your rubbery body absorbs attacks. (AC +1, EV +1)


Message History

You see here 13 gold pieces.
There is a stone staircase leading up here.
The gnoll hits you with a spear.
There is a stone staircase leading up here.
The gnoll misses you. The gnoll completely misses you.
You climb upwards.
There is a stone staircase leading down here.
You barely miss the gnoll. You grab the gnoll. You constrict the gnoll.
The gnoll hits you with a spear!
You tentacle-slap the gnoll.
You tentacle-slap the gnoll, but do no damage.
The gnoll is lightly wounded.
You constrict the gnoll. The gnoll hits you with a spear.
* * * LOW HITPOINT WARNING * * *
You tentacle-slap the gnoll but do no damage.
You squeeze the gnoll.
The gnoll is moderately wounded.
You constrict the gnoll, but do no damage.
The gnoll hits you with a spear.
You die...

.......)....#....................
....###.....#....##########...##.
.................# #...##.
....##########.#.# ######. ....#
#...# #. ##### ##..# #. #..# #.
######### ##g# #. ........#
#@############# #. ........#
#.#...........# #.
........########.#...........# ##
........#........#...........#
........#........#...........#
........#........#...........#
...)....######...#...........#
.......)######...'...........#
.................#...........#


You could see a gnoll.

Vanquished Creatures
  2 leopard geckos (D:1)
  A giant cockroach (D:1)
  6 goblins (D:1)
  5 hobgoblins (D:1)
  4 jackals (D:1)
  3 bats
  4 rats (D:1)
25 creatures vanquished.

Notes
Turn   | Place    | Note
-------+----------+-------------------------------------------
     0 | D:1      | McKennaii the Octopode Transmuter began the quest for the Orb.
     0 | D:1      | Reached XP level 1. HP: 13/13 MP: 3/3
   102 | D:1      | Reached XP level 2. HP: 18/18 MP: 5/5
   342 | D:1      | Reached skill level 1 in Stealth
   601 | D:1      | Reached XP level 3. HP: 20/23 MP: 6/6
   605 | D:1      | Learned a level 2 spell: Sticks to Snakes
   609 | D:1      | Learned a level 3 spell: Spider Form
   987 | D:1      | Slain by a gnoll

Skill      XL: |  1  2 |
---------------+-------+-----
Stealth        | 1 |  1.1
Fighting       | |  1.0
Dodging        | |  2.1
Unarmed Combat | |  3.8
Spellcasting   | |  2.1
Transmutations | |  2.1

Action                   || total
-------------------------++-------
Melee: Unarmed           ||    49
       Constrict         ||    16
       Tentacles         ||    13
       Kick              ||     3
       Punch             ||     1
 Cast: Beastly Appendage ||     1
 Stab: Sleeping          ||     3
Armor: Skin              ||     6
Dodge: Dodged            ||    33
